 Dungeon Crawl Stone Soup version 0.31-a0-963-ga325b2283a (webtiles) character file.

Game seed: 11597393715265086556

13 Armakuni the Grasshopper (level 2, -3/23 HPs)
             Began as a Human Wanderer on Oct 24, 2023.
             Slain by a gnoll
             ... wielding a +0 flail
              (13 damage)
             ... on level 1 of the Dungeon.
             The game lasted 00:03:11 (438 turns).

Armakuni the Grasshopper (Human Wanderer)            Turns: 438, Time: 00:03:11

Health: -3/23      AC:  2    Str:  9    XL:     2   Next: 50%
Magic:  3/3        EV: 11    Int: 18    God:
Gold:   52         SH:  0    Dex:  9    Spells: 2/3 levels left

rFire   . . .        a - +0 whip
rCold   . . .        (no shield)
rNeg    . . .        c - +0 robe
rPois   .            (no helmet)
rElec   .            (no cloak)
rCorr   .            (no gloves)
SInv    .            (no boots)
Will    .....        (no amulet)
Stlth   +            (no ring)
HPRegen 0.23/turn    (no ring)
MPRegen 0.08/turn

%: no passive effects
@: no status effects
A: no striking features
a: no special abilities


You were on level 1 of the Dungeon.
You visited 1 branch of the dungeon, and saw 1 of its levels.

You collected 52 gold pieces.

Inventory:

Hand Weapons
 a - a +0 whip (weapon)
Armour
 c - a +0 robe (worn)


   Skills:
 + Level 2.6 Fighting
 - Level 1.0 Maces & Flails
 - Level 1.0 Spellcasting
 - Level 2.0 Necromancy
 - Level 4.0 Translocations
 - Level 1.0 Evocations


You had 2 spell levels left.
You knew the following spells:

 Your Spells              Type           Power      Damage    Failure   Level
a - Apportation           Tloc           30%        N/A       3%          1

Your spell library contained the following spells:

 Spells                   Type           Power      Damage    Failure   Level
 Momentum Strike          Conj/Tloc      16%        3d8       13%         2
 Sublimation of Blood     Necr           8%         N/A       13%         2
 Magic Dart               Conj           0%         1d3       21%         1
 Cigotuvi's Dreadful Rot  Necr/Pois/Air  6%         N/A       24%         2
 Searing Ray              Conj           0%         2d4       30%         2
 Iskenderun's Mystic Bla  Conj/Tloc      8%         2d4       65%         4
 Fulminant Prism          Conj/Hex       0%         3d5       89%         4
 Petrify                  Tmut/Erth      0%         N/A       89%         4
 Irradiate                Conj/Tmut      0%         3d11      99%         5


Dungeon Overview and Level Annotations

Branches:
Dungeon (1/15)

Altars:


Message History

There is an open door here.
You open the door.
There is an open door here.
A gnoll comes into view. It is wielding a +0 flail.
The gnoll shouts!
Okay, then.
Unknown command.
Unknown command.
You aren't carrying any potions.
Unknown command.
What are your orders? t - Shout!
Orders for allies: a - Attack new target. r - Retreat! s - Stop attacking. g - Guard the area. f - Follow me.
Anything else - Cancel.
Okay, then.
You aren't carrying any scrolls.
Unknown command.
Unknown command.
You aren't carrying any scrolls.
Unknown command.
Unknown command.
Okay, then.
Unknown command.
Unknown command.
There is an open door here.
You close the door.
There is an open door here.
You aren't carrying any potions.
You aren't carrying any potions.
You aren't carrying any scrolls.
Unknown command.
You hit the gnoll but do no damage. The gnoll hits you with a +0 flail!
You closely miss the gnoll. The gnoll hits you with a +0 flail.
You hit the gnoll.
The gnoll is lightly wounded.
The gnoll hits you with a +0 flail!
Ouch! That really hurt!
You die...

#..............# #.....
######...........####.....
#....#....................
#.##.##....###.#...#......
#.##..#)÷..##..#..##†#####
#.###.!#...##.....#......(
##.#######......#.##.......
##+##...######........##.......
+...'.#.....##@.####...........
#.<.#####.#..'g.# #...........
+...'...#.####..####...#.......
##'####.#.####........##.......
####.####.#...##.......)##.......
........#.###.#.......#.##..[....
.######.#...##+.........##.......
#......###.##........###########
#.######...#.............##


You could see a gnoll.

Vanquished Creatures
  A dart slug (D:1)
  2 ball pythons (D:1)
  An endoplasm (D:1)
  A giant cockroach (D:1)
  A goblin (D:1)
  A quokka (D:1)
  2 bats (D:1)
  A kobold (D:1)
  A rat (D:1)
11 creatures vanquished.

Notes
Turn   | Place    | Note
-------+----------+-------------------------------------------
     0 | D:1      | Armakuni the Human Wanderer began the quest for the Orb.
     0 | D:1      | Armakuni set off with the following items: a +0 club, a
                  | potion of attraction, a +0 robe, a potion of lignification;
                  | and the following spell memorised: Apportation; and the
                  | following spells available to memorise: Momentum Strike,
                  | Sublimation of Blood, Cigotuvi's Dreadful Rot, Iskenderun's
                  | Mystic Blast.
     0 | D:1      | Reached XP level 1. HP: 16/16 MP: 2/2
    79 | D:1      | Reached skill level 1 in Maces & Flails
   124 | D:1      | Reached XP level 2. HP: 7/22 MP: 3/3
   438 | D:1      | Slain by a gnoll

Illustrated notes

Levels and vault maps discovered:
D:1:      nicolae_arrival_somewhat_less_tricky_arrival, layout_rooms,
          minmay_ruptured

Skill      XL: |  1 |
---------------+----+-----
Maces & Flails | 1 |  1.0
Fighting       | |  2.6
Spellcasting   | |  1.0
Necromancy     | |  2.0
Translocations | |  4.0
Evocations     | |  1.0

Action                     || total
---------------------------++-------
  Melee: Club              ||    23
         Whip              ||    28
    Use: Potion            ||     1
 Armour: Robe              ||    37
         Skin              ||     1
  Dodge: Dodged            ||    28

Table legend: (Time is in decaauts)
 A = Elapsed time spent in this place.
 B = Non-inter-level travel time spent in this place.
 C = Inter-level travel time spent in this place.
 D = Time resting spent in this place.
 E = Time spent auto-exploring this place.
 F = Levels seen in this place.
 G = Mean time per level.
                   A        B        C        D        E       F      G
               +--------+--------+--------+--------+--------+-----+--------+
         Total |    446 |    446 |      0 |    136 |    137 |   1 |  446.0 |
       Dungeon |    446 |    446 |      0 |    136 |    137 |   1 |  446.0 |
               +--------+--------+--------+--------+--------+-----+--------+

Top non-repeatable levels by time:
     D:1: 446 daAuts
